 Dungeon Crawl Stone Soup version 0.31-a0-176-g91f28db67f (webtiles) character file.

Game seed: 3936464459238318075

303 MacCMillion the Magician (level 6, -1/32 HPs)
             Began as a Deep Elf Earth Elementalist on June 18, 2023.
             Slain by a phantom (6 damage)
             ... on level 4 of the Dungeon.
             The game lasted 00:04:02 (3605 turns).

MacCMillion the Magician (DEEE)                     Turns: 3605, Time: 00:04:02

Health: -1/32      AC:  5    Str:  5    XL:     6   Next: 15%
Magic:  7/16       EV: 11    Int: 22    God:
Gold:   202        SH:  0    Dex: 15    Spells: 12/16 levels left

rFire   . . .        d - +0 dagger
rCold   . . .        (no shield)
rNeg    . . .        k - +1 leather armour {rPois}
rPois   +            (no helmet)
rElec   .            (no cloak)
rCorr   .            (no gloves)
SInv    .            c - +0 pair of boots
Will    .....        (no amulet)
Stlth   ++           (no ring)
HPRegen 0.25/turn    (no ring)
MPRegen 0.15/turn

%: no passive effects
@: no status effects
A: no striking features
a: no special abilities


You were on level 4 of the Dungeon.
You visited 1 branch of the dungeon, and saw 4 of its levels.

You collected 202 gold pieces.

Inventory:

Hand Weapons
 d - a +0 dagger (weapon)
Armour
 a - a +0 robe
 c - a +0 pair of boots (worn)
 k - a +1 leather armour of poison resistance (worn)
Jewellery
 j - a +6 ring of dexterity
Wands
 q - a wand of digging (2)
Scrolls
 e - a scroll of fear {unknown}
 h - 3 scrolls of identify {unknown}
 l - 2 scrolls of amnesia {unknown}
 m - a scroll of enchant armour {unknown}
 n - a scroll of silence {unknown}
 o - a scroll of revelation {unknown}
 p - a scroll of blinking {unknown}
 s - 2 scrolls of butterflies {unknown}
Potions
 b - a potion of magic
 f - 2 potions of mutation {unknown}
 g - 3 potions of curing
 i - a potion of degeneration {unknown}
 r - 2 potions of lignification {unknown}


   Skills:
 - Level 2.4 Dodging
 - Level 2.4 Stealth
 + Level 5.9 Spellcasting
 + Level 2.8 Conjurations
 - Level 1.1 Transmutations
 + Level 5.4 Earth Magic


You had 12 spell levels left.
You knew the following spells:

 Your Spells              Type           Power      Damage    Failure   Level
a - Sandblast             Erth           60%        2d14      1%          1
b - Stone Arrow           Conj/Erth      48%        3d10      9%          3

Your spell library contained the following spells:

 Spells                   Type           Power      Damage    Failure   Level
 Passwall                 Tmut/Erth      16%        N/A       6%          2
 Ensorcelled Hibernation  Hex/Ice        12%        N/A       24%         2
 Dazzling Flash           Conj/Hex       24%        N/A       26%         3
 Petrify                  Tmut/Erth      20%        N/A       36%         4
 Swiftness                Air            6%         N/A       43%         3
 Volatile Blastmotes      Fire/Tloc      12%        2d11      43%         3
 Iskenderun's Mystic Bla  Conj/Tloc      12%        2d5       65%         4
 Agony                    Necr           6%         N/A       99%         5
 Silence                  Hex/Air        3%         N/A       99%         5
 Starburst                Conj/Fire      6%         6d4       100%        6


Dungeon Overview and Level Annotations

Branches:
Dungeon (4/15)
 Temple: D:4-7

Altars:
Fedhas
Makhleb
Xom


Message History

The blast of sand hits the scorpion.
The scorpion is severely wounded.
The scorpion stings you but does no damage.
Something hits you but does no damage.
The blast of sand hits the scorpion!
You kill the scorpion!
You hear some strange, mumbled words.
A puff of flame appears from out of thin air!
The puff of flame hits you!
Your magical contamination has completely faded away.
You have reached level 6!
You are too injured to fight recklessly!
You are too injured to fight recklessly!
Aiming: Sandblast (safe; 1% risk of failure)
Press: ? - help, Q - select action Shift-Dir - straight line, f - phantom
Aim: a phantom (78% to hit)
The blast of sand misses the phantom.
Something hits you.
The phantom hits you but does no damage. x2
You hear some strange, mumbled words.
A puff of flame appears from out of thin air!
The puff of flame hits you.
Aiming: Sandblast (safe; 1% risk of failure)
Press: ? - help, Q - select action Shift-Dir - straight line, f/p - phantom
Aim: a phantom (78% to hit)
The blast of sand hits the phantom!
The phantom is heavily damaged.
Something hits you.
* * * LOW HITPOINT WARNING * * *
The phantom hits you.
* * * LOW HITPOINT WARNING * * *
Aiming: Sandblast (safe; 1% risk of failure)
Press: ? - help, Q - select action Shift-Dir - straight line, f/p - phantom
Aim: a phantom (heavily damaged, 78% to hit)
The blast of sand hits the phantom!
The phantom is almost destroyed.
Something hits you but does no damage. The phantom hits you.
* * * LOW HITPOINT WARNING * * *
The phantom hits you.
You die...

#.# #.# #.# #.#
#.#################
#.##>..............##
#.##.......#######..#
#.##....##.### .#
..#####.##.#@W.....######.###
#..........#.{.#.#.##<.......
######.......#.#.#...####.###
............#.#.###.# ..#
#########.#.#.#.# #.# #..#
#.#.#.#.# #.# #.. #.#.#.#.#
[.. o. #.#...#.# ##. .
#.#...# ## .


You could see a phantom.

Vanquished Creatures
  A scorpion (D:4)
  A hound (D:3)
  Jessica (D:3)
  Terence (D:3)
  2 orc wizards (D:3)
  Robin (D:3)
  2 adders (D:2)
  2 worms
  A dart slug (D:2)
  7 orcs (D:3)
  5 endoplasms
  6 hobgoblins
  11 ball pythons
  6 bats
  4 frilled lizards
  9 goblins
  7 kobolds
  2 rats
69 creatures vanquished.

Notes
Turn   | Place    | Note
-------+----------+-------------------------------------------
     0 | D:1      | MacCMillion the Deep Elf Earth Elementalist began the quest
                  | for the Orb.
     0 | D:1      | Reached XP level 1. HP: 10/10 MP: 6/6
   206 | D:1      | Reached XP level 2. HP: 15/15 MP: 4/8
  1015 | D:2      | Reached XP level 3. HP: 16/19 MP: 6/10
  1902 | D:2      | Learned a level 3 spell: Stone Arrow
  2027 | D:3      | Found a shimmering altar of Xom.
  2052 | D:3      | Noticed Jessica
  2053 | D:3      | Found a blossoming altar of Fedhas.
  2053 | D:3      | Found a burning altar of Makhleb.
  2055 | D:3      | Killed Jessica
  2056 | D:3      | Reached XP level 4. HP: 24/24 MP: 10/12
  2239 | D:3      | Reached skill level 1 in Conjurations
  2381 | D:3      | Reached skill level 5 in Spellcasting
  2541 | D:3      | Reached XP level 5. HP: 23/28 MP: 6/14
  2633 | D:3      | Reached skill level 5 in Earth Magic
  2684 | D:3      | Found a faded altar of an unknown god.
  2750 | D:3      | Noticed Terence
  2757 | D:3      | Killed Terence
  2896 | D:3      | Noticed Robin
  2930 | D:3      | Killed Robin
  3583 | D:4      | Noticed a phantom
  3603 | D:4      | Reached XP level 6. HP: 14/32 MP: 10/16
  3605 | D:4      | Slain by a phantom

Illustrated notes

Levels and vault maps discovered:
D:1:      dpeg_arrival_central, layout_basic
D:2:      layout_basic
D:3:      layout_loops_ring, grunt_temple_overflow_open, basic_ecumenical_altar,
          uniq_terence, uniq_jessica, uniq_robin
D:4:      layout_basic

Skill      XL: |  1  2  3  4  5 |
---------------+----------------+-----
Spellcasting   | 4 5 |  5.9
Earth Magic    | 4 5 |  5.4
Conjurations   | 1 2 |  2.8
Dodging        | |  2.4
Stealth        | |  2.4
Transmutations | |  1.1

Action                     |  1- 3 |  4- 6 || total
---------------------------+-------+-------++-------
  Melee: Dagger            |     3 |     3 ||     6
   Cast: Sandblast         |    46 |    49 ||    95
         Stone Arrow       |       |     1 ||     1
    Use: Potion            |       |     1 ||     1
   Stab: Sleeping          |     1 |       ||     1
 Armour: Leather armour    |       |    10 ||    10
  Dodge: Dodged            |    10 |     9 ||    19

Table legend: (Time is in decaauts)
 A = Elapsed time spent in this place.
 B = Non-inter-level travel time spent in this place.
 C = Inter-level travel time spent in this place.
 D = Time resting spent in this place.
 E = Time spent auto-exploring this place.
 F = Levels seen in this place.
 G = Mean time per level.
                   A        B        C        D        E       F      G
               +--------+--------+--------+--------+--------+-----+--------+
         Total |   3652 |   3576 |     76 |    693 |   2444 |   4 |  913.0 |
       Dungeon |   3652 |   3576 |     76 |    693 |   2444 |   4 |  913.0 |
               +--------+--------+--------+--------+--------+-----+--------+

Top non-repeatable levels by time:
     D:3: 1429 daAuts
     D:2: 1295 daAuts
     D:1: 829 daAuts
     D:4: 99 daAuts
